 Dungeon Crawl Stone Soup version 0.31.0-12-g77e489cdc1 (webtiles) character file.

Game seed: 4284770838342413122

138 DildoBatman the Conjurer (level 5, 0/55 HPs)
             Began as a Formicid Conjurer on Mar 6, 2024.
             Slain by a sleepcap (3 damage)
             ... on level 4 of the Dungeon.
             The game lasted 00:07:18 (3304 turns).

DildoBatman the Conjurer (Formicid Conjurer)        Turns: 3304, Time: 00:07:18

Health: 0/55       AC: 22    Str: 17    XL:     5   Next: 45%
Magic:  0/9        EV:  2    Int: 20    God:
Gold:   191        SH:  0    Dex: 12    Spells: 3/9 levels left

rFire   . . .        m - +0 falchion
rCold   + . .        (no shield)
rNeg    . . .        a - melded +0 robe
rPois   +            (helmet unavailable)
rElec   .            (cloak currently unavailable)
rCorr   .            (gloves currently unavailable)
SInv    .            (boots currently unavailable)
Will    +....        (no amulet)
Stlth   ++           i - ring of protection from cold
HPRegen 0.29/turn    f - +6 ring of strength
MPRegen 0.11/turn

%: no passive effects
@: tree-form, attractive, enlightened
A: stationary, stasis, torment immunity, boosted hp, permanent stasis, dig
shafts and tunnels, (antennae 3), four strong arms
a: no special abilities


You were on level 4 of the Dungeon.
You were a tree.
You visited 1 branch of the dungeon, and saw 4 of its levels.

You collected 191 gold pieces.

Inventory:

Hand Weapons
 m - a +0 falchion (weapon)
Missiles
 d - 7 boomerangs
 e - 22 stones
Armour
 a - a +0 robe (melded)
 o - the +2 leather armour of Heresy {+Blink Str+3 Int+2 Stlth-}
   (You found it on level 3 of the Dungeon)

   Str+3:     It affects your strength (+3).
   Int+2:     It affects your intelligence (+2).
   +Blink:    It lets you blink.
   Stlth-:    It makes you less stealthy.
 u - a +0 kite shield
Jewellery
 f - a +6 ring of strength (right branch)
 i - a ring of protection from cold (left branch)
Wands
 n - a wand of acid (2)
Scrolls
 h - 7 scrolls of identify {unknown}
 l - a scroll of teleportation {unknown}
 q - 3 scrolls of immolation {unknown}
 r - a scroll of vulnerability {unknown}
 s - a scroll of poison {unknown}
 t - a scroll of fog {unknown}
 v - a scroll of noise {unknown}
 w - a scroll of acquirement {unknown}
Potions
 b - a potion of magic
 c - a potion of attraction
 g - a potion of lignification
 j - a potion of curing {unknown}
 k - a potion of enlightenment
 p - a potion of berserk rage {unknown}
 x - a potion of haste {unknown}


   Skills:
 + Level 1.5 Fighting
 + Level 1.5 Armour
 + Level 2.4 Dodging
 + Level 3.7 Stealth
 + Level 2.7 Spellcasting
 + Level 3.9 Conjurations
 * Level 1.3 Ice Magic


You had 3 spell levels left.
You knew the following spells:

 Your Spells              Type           Power      Damage    Failure   Level
a - Searing Ray           Conj           36%        2d5       4%          2
b - Frozen Ramparts       Ice            16%        1d3       26%         3
c - Magic Dart            Conj           72%        1d6       3%          1

Your spell library contained the following spells:

 Spells                   Type           Power      Damage    Failure   Level
 Sting                    Conj/Alch      40%        1d5       6%          1
 Freeze                   Ice            32%        1d5       9%          1
 Necrotise                Necr           8%         1d4       14%         1
 Hailstorm                Conj/Ice       13%        3d6       14%         3
 Mercury Vapours          Alch/Air       4%         N/A       22%         2
 Vampiric Draining        Necr           2%         2d6       41%         3
 Fulminant Prism          Conj/Alch      5%         3d7       54%         4
 Iskenderun's Mystic Bla  Conj/Tloc      10%        2d4       54%         4
 Martyr's Knell           Necr/Summ      2%         N/A       82%         4
 Olgreb's Toxic Radiance  Alch           2%         N/A       82%         4
 Alistair's Intoxication  Alch           1%         N/A       99%         5
 Borgnjor's Vile Clutch   Necr/Erth      1%         N/A       99%         5
 Curse of Agony           Necr           2%         N/A       99%         5
 Eringya's Noxious Bog    Alch           1%         4d6       100%        6


Dungeon Overview and Level Annotations

Branches:
Dungeon (4/15)
 Temple: D:4-7

Altars:
Ashenzari
Elyvilon
Fedhas
Kikubaaqudgha
Vehumet
Wu Jian
Yredelemnul

Shops:
D:1 [

Annotations:
D:2 1 exclusion
D:4 3 runed translucent doors, ChadusMaximus's ghost, novice BaSu; dogaso222's ghost, amateur OnGl


Innate Abilities, Weirdness & Mutations

You are a tree.
Your roots penetrate the ground, keeping you stationary.
You cannot be teleported.
You are immune to unholy pain and torment.
Your maximum health is greatly increased.
Your equipment is partially melded.
You cannot be hasted, slowed, berserked, paralysed or teleported.
You can dig through walls and to a lower floor.
((You have a pair of large antennae on your head. (SInv)))
Your four strong arms can wield two-handed weapons with a shield.


Message History

The sleepcap is severely damaged.
The sleepcap releases spores at you.
You are engulfed in a cloud of soporific spores!
You fall asleep.
The sleepcap releases spores at you!!
You wake up.
Ouch! That really hurt!
Casting: Magic Dart (safe; 3% risk of failure)
Confirm with . or Enter, or press ? or * to list all spells.
Aiming: Magic Dart (safe; 3% risk of failure)
Press: ? - help, Shift-Dir - straight line, f/p - sleepcap
Aim: a sleepcap (severely damaged, 100% to hit)
The magic dart hits the sleepcap.
The sleepcap is severely damaged.
The sleepcap releases spores at you.
You are engulfed in a cloud of soporific spores!
You are unaffected.
Casting: Magic Dart (safe; 3% risk of failure)
Confirm with . or Enter, or press ? or * to list all spells.
Aiming: Magic Dart (safe; 3% risk of failure)
Press: ? - help, Shift-Dir - straight line, f/p - sleepcap
Aim: a sleepcap (severely damaged, 100% to hit)
The magic dart hits the sleepcap but does no damage.
The sleepcap is severely damaged.
The sleepcap releases spores at you.
You are engulfed in a cloud of soporific spores!
You are unaffected.
It was a potion of enlightenment.
You feel very buoyant.
You fly up into the air.
The sleepcap releases spores at you but does no damage.
It was a potion of lignification.
You turn into a tree.
Your +0 robe melds into your body.
Your roots penetrate the ground.
The sleepcap completely misses you.
It was a potion of attraction.
You feel attractive to monsters. The sleepcap releases spores at you.
You die...

................
.........##...........#
##....#.## . .........#
#...###.####..##......#
...# #...# ...##.....##
..####..#####.##......##
....##.####........[...#
.......##.#..##.f.....#
..............##♣....#
..............#...####
...........##..####
..........##...#
.........####..#
.......### .... ......##
#...## ...... #..## ##.#


You could see a sleepcap.

Vanquished Creatures
  A bombardier beetle (D:4)
  3 adders
  2 dart slugs (D:1)
  A ribbon worm (D:3)
  4 endoplasms
  5 giant cockroaches
  7 goblins
  7 hobgoblins
  7 jackals
  2 quokkas
  7 ball pythons
  6 bats
  4 kobolds
  4 rats
60 creatures vanquished.

Notes
Turn   | Place    | Note
-------+----------+-------------------------------------------
     0 | D:1      | DildoBatman the Formicid Conjurer began the quest for the
                  | Orb.
     0 | D:1      | Reached XP level 1. HP: 13/13 MP: 3/3
   229 | D:1      | Reached XP level 2. HP: 17/20 MP: 0/5
   232 | D:1      | Learned a level 2 spell: Searing Ray
   776 | D:1      | Found Zasul's Armour Shoppe.
   786 | D:1      | Reached XP level 3. HP: 25/25 MP: 4/6
  1229 | D:1      | Found a faded altar of an unknown god.
  1426 | D:2      | Reached skill level 1 in Fighting
  1426 | D:2      | Reached skill level 1 in Armour
  1517 | D:2      | Learned a level 3 spell: Frozen Ramparts
  1633 | D:2      | Reached XP level 4. HP: 32/32 MP: 3/7
  2189 | D:3      | Found an ornate altar of the Wu Jian Council.
  2211 | D:3      | Found a broken altar of Ashenzari.
  2272 | D:3      | Found a white marble altar of Elyvilon.
  2344 | D:3      | Found a basalt altar of Yredelemnul.
  2345 | D:3      | Identified the +2 leather armour of Heresy {+Blink Str+3
                  | Int+2 Stlth-}
  2366 | D:3      | Found a blossoming altar of Fedhas.
  2368 | D:3      | Found a radiant altar of Vehumet.
  2373 | D:3      | Found an ancient bone altar of Kikubaaqudgha.
  3053 | D:4      | Found a runed translucent gate.
  3054 | D:4      | Found a runed translucent gate.
  3054 | D:4      | Found a runed translucent gate.
  3055 | D:4      | Noticed dogaso222's ghost (amateur OnGl)
  3055 | D:4      | Noticed ChadusMaximus's ghost (novice BaSu)
  3095 | D:4      | Reached skill level 1 in Ice Magic
  3095 | D:4      | Reached XP level 5. HP: 37/37 MP: 1/9
  3301 | D:4      | HP: 1/37 [sleepcap (3)]
  3304 | D:4      | Slain by a sleepcap

Illustrated notes

Levels and vault maps discovered:
D:1:      enne_arrival_octagon_isle, layout_basic,
          ebering_ecumenical_altar_rust, serial_shops,
          nicolae_shop_getting_attention
D:2:      layout_loops_corners, kennysheep_minor_cross, uniq_robin
D:3:      layout_basic, kennysheep_ying_yang,
          chequers_temple_overflow_statue_of_worship, lemuel_crystal_altar,
          ashenzari_altar_1, minivault_14
D:4:      layout_cave_pools, gammafunk_ghost_cemetery

Skill      XL: |  1  2  3  4 |
---------------+-------------+-----
Dodging        | 2 |  2.4
Stealth        | 3 |  3.7
Fighting       | 1 |  1.5
Armour         | 1 |  1.5
Ice Magic      | 1 |  1.3
Spellcasting   | |  2.7
Conjurations   | |  3.9

Action                     |  1- 3 |  4- 6 || total
---------------------------+-------+-------++-------
  Melee: Unarmed           |    26 |       ||    26
         Short sword       |    13 |    11 ||    24
         Falchion          |       |     8 ||     8
   Cast: Magic Dart        |    50 |    50 ||   100
         Searing Ray       |     1 |     7 ||     8
    Use: Potion            |       |     3 ||     3
   Stab: Sleeping          |     3 |       ||     3
 Armour: Robe              |    25 |    21 ||    46
         Skin              |       |     1 ||     1
  Dodge: Dodged            |    27 |    29 ||    56
